AoeStats
← ✪Gạo trắng

Fortress

508738248Analyzed
3v3 RM · 9d ago on Sep 23, 2026· 37m 7s· 6 players
Game mode
Random Map
Map size
Large (8 player)
Population
200
Speed
Normal
Resources
Standard
Victory
Conquest
Starting age
Dark Age
Ending age
Imperial Age
RankedLock teamsTeams togetherTeam positionsShared explorationLock speedFull tech treeHidden civsTurbo modeCheats
Victory
Defeat
🇨🇳 Danes · China
1331
+8
🇧🇷 Lithuanians · Brazil
1203
+13
🇻🇳 Turks · Vietnam
1122
+17
🇧🇴 Magyars · Bolivia
1179
-14
🇧🇴 Celts · Bolivia
1123
-12
🇧🇴 Koreans · Bolivia
1121
-12
GOOLFYZERA
7:41 Feudal Age
9:00 Double-Bit Axe
11:46 Castle Age
9:57 Horse Collar
12:57 Bow Saw
13:50 Heavy Plow
15:35 Wheelbarrow
16:48 Hand Cart
17:45 Stone Mining
17:55 Gold Mining
21:49 Stone Shaft Mining
23:24 Scale Barding Armor
24:27 Chain Barding Armor
24:48 Bloodlines
24:40 Husbandry
28:05 Imperial Age
26:02 Forging
28:38 Cavalier
30:00 Plate Barding Armor
30:01 Iron Casting
30:48 Two-Man Saw
30:21 Crop Rotation
30:28 Paladin
32:43 Conscription
34:58 Light Cavalry
36:17 Caravan
37:03 Winged Hussar
✪Gạo trắng
0:55 Loom
7:49 Feudal Age
12:17 Castle Age
10:09 Double-Bit Axe
10:23 Horse Collar
13:55 Town Watch
14:45 Wheelbarrow
23:50 Fletching
26:53 Imperial Age
26:53 Stone Mining
27:03 Bodkin Arrow
27:19 Forging
27:09 Scale Mail Armor
28:32 Conscription
30:04 Hand Cart
29:57 Heavy Plow
30:56 Treadmill Crane
37:05 Ballistics
36:39 Heated Shot
37:19 Squires
绵绵
7:58 Feudal Age
8:45 Horse Collar
11:27 Castle Age
9:30 Double-Bit Axe
10:59 Loom
12:47 Bow Saw
14:13 Town Watch
14:41 Heavy Plow
18:21 Wheelbarrow
25:53 Imperial Age
24:08 Scale Mail Armor
25:44 Chain Mail Armor
25:40 Forging
25:58 Gold Mining
25:58 Stone Mining
27:05 Hand Cart
27:23 Conscription
30:10 Plate Mail Armor
30:16 Iron Casting
30:38 Iron Casting
30:25 Hamask
33:03 Siege Engineers
34:23 Chemistry
35:00 Gold Shaft Mining
34:15 Stone Mining
33:59 Elite Jomsviking
37:43 Blast Furnace
Drakmorte
7:52 Feudal Age
12:03 Castle Age
10:26 Double-Bit Axe
10:40 Horse Collar
13:19 Corvinian Army
15:12 Bow Saw
20:03 Husbandry
22:12 Bloodlines
22:54 Wheelbarrow
22:54 Scale Barding Armor
23:46 Heavy Plow
25:32 Hand Cart
25:51 Town Watch
26:42 Town Patrol
26:29 Loom
27:08 Chain Barding Armor
33:06 Imperial Age
33:23 Elite Magyar Huszar
34:23 Conscription
34:43 Hoardings
35:13 Plate Barding Armor
Escr0t0Blindad0
8:43 Feudal Age
9:37 Double-Bit Axe
10:54 Horse Collar
14:14 Castle Age
13:35 Man-at-Arms
16:11 Bow Saw
17:16 Pikeman
19:42 Gambesons
21:09 Long Swordsman
23:06 Heavy Plow
23:45 Wheelbarrow
28:04 Loom
32:51 Imperial Age
31:01 Hand Cart
32:17 Forging
32:07 Scale Mail Armor
32:59 Onager
33:02 Heavy Scorpion
37:36 Iron Casting
37:16 Chain Mail Armor
36:57 Halberdier
Totolu
8:22 Feudal Age
7:03 Loom
12:41 Castle Age
11:15 Double-Bit Axe
11:15 Horse Collar
13:09 Gold Mining
13:58 Wheelbarrow
13:57 Fletching
14:44 Bow Saw
15:51 Bodkin Arrow
16:25 Heavy Plow
16:17 Town Watch
16:35 Crossbowman
19:56 Ballistics
20:13 Stone Mining
21:01 Gold Shaft Mining
21:59 Scale Mail Armor
24:51 Thumb Ring
28:22 Hand Cart
27:41 Pikeman
28:21 Squires
31:49 Imperial Age
29:38 Murder Holes
29:51 Treadmill Crane
30:33 Eupseong
32:01 Arbalester
32:43 Bracer
34:28 Two-Man Saw
34:03 Town Patrol
34:45 Forging
36:27 Chemistry
Connection lost

Rejoining the realm…

Still unreachable

The connection could not be restored.

Session expired

The server has moved on; the page needs a fresh start.